 Seeded DCSS version 0.31-a0-620-gd1cbd99268 (webtiles) character file.

Game seed: 12485923201681380469 (custom seed)

177 innerfire43 the Ruffian (level 5, -2/38 (39) HPs)
             Began as a Gnoll Shapeshifter on Aug 23, 2023.
             Was an Initiate of Cheibriados.
             Slain by a scorpion (3 damage)
             ... on level 4 of the Dungeon.
             The game lasted 00:02:47 (2674 turns).

innerfire43 the Ruffian (Gnoll Shapeshifter)        Turns: 2674, Time: 00:02:47

HP:   -2/38 (39)    AC:  2    Str: 21    XL:     5   Next: 57%
MP:   7/7           EV: 13    Int: 11    God:    Cheibriados [......]
Gold: 178           SH:  0    Dex: 13    Spells: 7/7 levels left

rFire   . .          .
                       - Unarmed
rCold   . . .        (shield currently unavailable)
rNeg    . . .        a - +0 animal skin
rPois   .            (no helmet)
rElec   .            (no cloak)
rCorr   .            (no gloves)
SInv    .            (no boots)
Will    .....        (no amulet)
Stlth   +            h - +6 ring of strength
HPRegen 0.26/turn    (no ring)
MPRegen 0.10/turn

%: no passive effects
@: lethally poisoned (-2 -> -20), flux-form, glowing, lightly drained, very slow
A: glow, contaminating, reduced hp, fangs 1, strong nose, distributed training
a: Begin Untransformation, Renounce Religion


You were on level 4 of the Dungeon.
You worshipped Cheibriados.
Cheibriados was noncommittal.
You were something dangerously unstable.
You visited 1 branch of the dungeon, and saw 4 of its levels.

You collected 178 gold pieces.

Inventory:

Missiles
 n - a throwing net
Armour
 a - a +0 animal skin (worn)
 p - a +0 helmet
Jewellery
 h - a +6 ring of strength (left hand)
Talismans
 c - a beast talisman
 d - a flux talisman (active)
 j - a blade talisman
Scrolls
 f - a scroll of vulnerability {unknown}
 i - a scroll of enchant weapon {unknown}
 k - 2 scrolls of amnesia {unknown}
 l - a scroll of butterflies {unknown}
 q - 2 scrolls of fog {unknown}
 r - 2 scrolls of teleportation
 t - a scroll of enchant armour {unknown}
Potions
 b - a potion of lignification
 e - 2 potions of enlightenment {unknown}
 g - a potion of experience {unknown}
 m - a potion of brilliance {unknown}
 o - a potion of might {unknown}
 s - 2 potions of degeneration {unknown}


   Skills:
 + Level 3.0 Fighting
 + Level 1.6 Short Blades
 + Level 1.6 Long Blades
 + Level 1.6 Axes
 + Level 1.6 Maces & Flails
 + Level 1.6 Polearms
 + Level 1.6 Staves
 + Level 1.6 Ranged Weapons
 + Level 1.6 Throwing
 + Level 1.6 Armour
 + Level 4.8 Dodging
 + Level 1.6 Stealth
 + Level 1.6 Shields
 + Level 6.7 Unarmed Combat
 + Level 1.6 Spellcasting
 + Level 1.2 Conjurations
 + Level 1.2 Hexes
 + Level 1.2 Summonings
 + Level 1.2 Necromancy
 + Level 1.2 Translocations
 + Level 1.2 Transmutations
 + Level 1.2 Fire Magic
 + Level 1.2 Ice Magic
 + Level 1.2 Air Magic
 + Level 1.2 Earth Magic
 + Level 1.2 Poison Magic
 + Level 1.8 Invocations
 + Level 1.6 Evocations
 + Level 6.6 Shapeshifting


You had 7 spell levels left.
You didn't know any spells.
Your spell library contained the following spells:

 Spells                   Type           Power      Damage    Failure   Level
 Blink                    Tloc           6%         N/A       26%         2
 Lesser Beckoning         Tloc           6%         N/A       26%         2
 Momentum Strike          Conj/Tloc      6%         3d8       26%         2


Dungeon Overview and Level Annotations

Branches:
Dungeon (4/15)
 Temple: D:4-7

Altars:
Cheibriados
Wu Jian
Zin


Innate Abilities, Weirdness & Mutations

You are something dangerously unstable.
You glow with magical radiation, making you easy to see and hit.
Foes you strike become dangerously contaminated with magical radiation.
Your maximum health is decreased, since you lack skill for your form.
You are incapable of wielding weapons or throwing items.
You have very sharp teeth.
Your uncanny sense of smell can sniff out nearby items.
Your experience applies equally to all skills.


Message History

You climb downwards.
There is a stone staircase leading up here.
There are monsters nearby!
Found 9 gold pieces.
The endoplasm quivers.
The orc shouts!
The scorpion completely misses you.
There are monsters nearby!
You barely miss the scorpion.
You bite the scorpion, but do no damage.
The scorpion stings you.
You are poisoned.
The scorpion poisons you! The endoplasm hits you.
There are monsters nearby!
You hit the scorpion.
The scorpion begins to glow.
You bite the scorpion.
The scorpion is moderately wounded.
You feel sick. The scorpion closely misses you. The endoplasm hits you.
The orc hits you with a +0 short sword of draining.
You feel drained.
You hit the scorpion.
The scorpion glows dangerously bright.
You bite the scorpion, but do no damage.
The scorpion is heavily wounded.
You feel sick. The scorpion stings you.
You are more poisoned.
The scorpion poisons you!
Unknown command.
You feel very sick. The scorpion stings you.
You are lethally poisoned!
The scorpion poisons you! The endoplasm hits you.
There is a stone staircase leading up here.
* * * LOW HITPOINT WARNING * * *
You feel very sick. The scorpion attacks as it pursues you!
The scorpion stings you.
* * * LOW HITPOINT WARNING * * *
* * * LOW HITPOINT WARNING * * *
You feel very sick. The scorpion attacks as it pursues you!
The scorpion barely misses you. The scorpion stings you.
You die...

### #.$.
#######...
#....#... ......#
.....# . ##...#
....#..#########.
#...oJsB.......
#.....#########.#
....... .#####.
## ∆


You could see a scorpion (heavy contam), an orc and an endoplasm.

Vanquished Creatures
  An iron imp (D:3)
  Terence (D:2)
  Robin (D:3)
  3 adders
  A worm (D:2)
  A dart slug (D:3)
  2 orcs (D:3)
  4 endoplasms
  5 giant cockroaches
  13 goblins
  19 hobgoblins
  4 kobolds
  3 quokkas (D:1)
  3 ball pythons
  5 bats
  A frilled lizard (D:2)
  4 rats
71 creatures vanquished.

Notes
Turn   | Place    | Note
-------+----------+-------------------------------------------
     0 | D:1      | innerfire43 the Gnoll Shapeshifter began the quest for the
                  | Orb.
     0 | D:1      | Reached XP level 1. HP: 17/17 MP: 1/1
   109 | D:1      | Reached XP level 2. HP: 5/23 MP: 2/2
   583 | D:1      | Reached XP level 3. HP: 26/28 MP: 3/3
   845 | D:2      | Reached skill level 1 in Invocations
  1031 | D:2      | Noticed Terence
  1039 | D:2      | Killed Terence
  1040 | D:2      | Reached skill level 1 in Short Blades
  1040 | D:2      | Reached skill level 1 in Long Blades
  1040 | D:2      | Reached skill level 1 in Axes
  1040 | D:2      | Reached skill level 1 in Maces & Flails
  1040 | D:2      | Reached skill level 1 in Polearms
  1040 | D:2      | Reached skill level 1 in Staves
  1040 | D:2      | Reached skill level 1 in Ranged Weapons
  1040 | D:2      | Reached skill level 1 in Throwing
  1040 | D:2      | Reached skill level 1 in Armour
  1040 | D:2      | Reached skill level 1 in Stealth
  1040 | D:2      | Reached skill level 1 in Shields
  1040 | D:2      | Reached skill level 1 in Spellcasting
  1040 | D:2      | Reached skill level 1 in Evocations
  1040 | D:2      | Reached XP level 4. HP: 8/34 MP: 5/5
  1679 | D:3      | Reached skill level 1 in Conjurations
  1679 | D:3      | Reached skill level 1 in Hexes
  1679 | D:3      | Reached skill level 1 in Summonings
  1679 | D:3      | Reached skill level 1 in Necromancy
  1679 | D:3      | Reached skill level 1 in Translocations
  1679 | D:3      | Reached skill level 1 in Transmutations
  1679 | D:3      | Reached skill level 1 in Fire Magic
  1679 | D:3      | Reached skill level 1 in Ice Magic
  1679 | D:3      | Reached skill level 1 in Air Magic
  1679 | D:3      | Reached skill level 1 in Earth Magic
  1679 | D:3      | Reached skill level 1 in Poison Magic
  1857 | D:3      | Found a snail-covered altar of Cheibriados.
  1869 | D:3      | Reached XP level 5. HP: 23/40 MP: 5/7
  1873 | D:3      | Became a worshipper of Cheibriados the Contemplative
  1948 | D:3      | Found a faded altar of an unknown god.
  2035 | D:3      | Noticed Robin
  2072 | D:3      | Killed Robin
  2433 | D:3      | Reached * piety under Cheibriados
  2503 | D:3      | Found an ornate altar of the Wu Jian Council.
  2503 | D:3      | Found a glowing silver altar of Zin.
  2674 | D:4      | HP: 1/38 [poisoned by a scorpion]
  2674 | D:4      | Slain by a scorpion

Illustrated notes

Levels and vault maps discovered:
D:1:      lightli_arrival_maybe_door_vault, layout_rooms, kennysheep_nondescript
D:2:      layout_basic, uniq_terence
D:3:      layout_rooms, slow_altar_2, nicolae_overflow_two_pavilions,
          shapermc_ecumenical_altar_hornbeckon, guppyfry_early_lair_pool,
          uniq_robin
D:4:      layout_rooms, mainiacjoe_overflow_six_doors_small,
          mainiacjoe_overflow_alcove_4

Skill      XL: |  1  2  3  4  5 |
---------------+----------------+-----
Invocations    | 1 |  1.8
Short Blades   | 1 |  1.6
Long Blades    | 1 |  1.6
Axes           | 1 |  1.6
Maces & Flails | 1 |  1.6
Polearms       | 1 |  1.6
Staves         | 1 |  1.6
Ranged Weapons | 1 |  1.6
Throwing       | 1 |  1.6
Armour         | 1 |  1.6
Stealth        | 1 |  1.6
Shields        | 1 |  1.6
Spellcasting   | 1 |  1.6
Evocations     | 1 |  1.6
Conjurations   | 1 |  1.2
Hexes          | 1 |  1.2
Summonings     | 1 |  1.2
Necromancy     | 1 |  1.2
Translocations | 1 |  1.2
Transmutations | 1 |  1.2
Fire Magic     | 1 |  1.2
Ice Magic      | 1 |  1.2
Air Magic      | 1 |  1.2
Earth Magic    | 1 |  1.2
Poison Magic   | 1 |  1.2
Fighting       | 3 |  3.0
Dodging        | |  4.8
Unarmed Combat | |  6.7
Shapeshifting  | |  6.6

Action                     |  1- 3 |  4- 6 || total
---------------------------+-------+-------++-------
  Melee: Unarmed           |    80 |   116 ||   196
         Bite              |    10 |    14 ||    24
    Use: Scroll            |       |     2 ||     2
 Armour: Animal skin       |    10 |    19 ||    29
  Dodge: Dodged            |    50 |    81 ||   131
   Form: Flux              |     1 |       ||     1

Table legend: (Time is in decaauts)
 A = Elapsed time spent in this place.
 B = Non-inter-level travel time spent in this place.
 C = Inter-level travel time spent in this place.
 D = Time resting spent in this place.
 E = Time spent auto-exploring this place.
 F = Levels seen in this place.
 G = Mean time per level.
                   A        B        C        D        E       F      G
               +--------+--------+--------+--------+--------+-----+--------+
         Total |   2812 |   2608 |    204 |      0 |   2142 |   4 |  703.0 |
       Dungeon |   2812 |   2608 |    204 |      0 |   2142 |   4 |  703.0 |
               +--------+--------+--------+--------+--------+-----+--------+

Top non-repeatable levels by time:
     D:3: 1150 daAuts
     D:2: 1008 daAuts
     D:1: 646 daAuts
     D:4: 7 daAuts
